Map: Thunderbird LE

Players

Cham

  • Race: Zerg Zerg
  • League: Master
  • Spawn Location: 11:00

Kelazhur - Winner!

  • Race: Terran Terran
  • Spawn Location: 5:00

Event: NationWars 2019

VOD

Have the link to the VOD?

Description

Time

  • Played on: Nov. 14, 2019, 12:32 p.m.
  • Length: 12:46
Show
View Real Time Build Order
Export as new Build Order

Cham Zerg 

Build Orders: Hatch First, Muta Ling Bane 

Get SALT Encoding   

  12  0:00  Drone  
  13  0:08  Drone  
  14  0:16  Overlord  
  14  0:36  Drone x2  
  16  0:48  Hatchery  
  15  0:51  Drone  
  15  0:54  Drone  
  17  0:59  Drone  
  18  1:08  Extractor  
  17  1:13  Spawning Pool  
  17  1:15  Drone  
  17  1:20  Drone  
  18  1:29  Drone  
  19  1:42  Drone  
  20  1:52  Drone  
  21  2:00  Queen x2  
  25  2:01  Zergling x2  
  25  2:03  Zergling x2  
  27  2:15  Hatchery  
  26  2:19  Metabolic Boost  
  26  2:24  Overlord  
  26  2:31  Drone  
  27  2:39  Spore Crawler  
  27  2:49  Drone, Overlord  
  27  2:50  Overlord  
  28  3:07  Queen  
  28  3:09  Drone  
  28  3:10  Drone x4  
  28  3:12  Drone x2  
  37  3:13  Drone  
  37  3:14  Drone x2  
  40  3:20  Drone x2  
  42  3:28  Queen  
  44  3:35  Drone  
  44  3:36  Overlord  
  44  3:39  Zergling x2  
  44  3:40  Zergling x2  
  47  3:43  Zergling x2, Queen  
  50  3:55  Zergling x4  
  52  3:56  Drone x6  
  58  4:04  Overlord  
  58  4:07  Overlord  
  58  4:16  Lair  
  58  4:20  Overlord  
  58  4:22  Queen  
  58  4:24  Drone x6  
  62  4:26  Drone  
  62  4:27  Drone  
  62  4:29  Drone x2  
  62  4:31  Drone  
  71  4:32  Drone  
  71  4:35  Extractor  
  71  4:37  Drone, Baneling Nest, Extractor  
  70  4:43  Drone  
  70  4:44  Drone  
  72  4:47  Drone x4  
  72  4:52  Queen  
  78  4:58  Spore Crawler, Queen  
  78  4:59  Spore Crawler  
  78  5:01  Drone x2  
  78  5:03  Overlord  
  78  5:05  Drone x2  
  82  5:10  Overlord  
  82  5:11  Spore Crawler  
  82  5:12  Drone  
  82  5:13  Spore Crawler  
  81  5:15  Drone  
  81  5:20  Spire  
  81  5:23  Extractor  
  81  5:24  Drone, Extractor  
  81  5:25  Drone x4, Extractor  
  81  5:28  Drone x2  
  85  5:30  Drone x2  
  87  5:36  Centrifical Hooks  
  87  5:37  Overlord  
  87  5:41  Overlord  
  87  5:45  Drone x3, Overlord  
  87  5:46  Zergling x2  
  87  5:47  Zergling x4  
  92  5:50  Zergling x4  
  94  5:57  Hatchery  
  94  6:02  Drone  
  94  6:03  Evolution Chamber  
  94  6:04  Evolution Chamber  
  92  6:10  Zergling x6  
  95  6:11  Overlord  
  95  6:14  Baneling  
  95  6:15  Baneling x6  
  95  6:16  Zergling x2  
  95  6:17  Zergling x6  
  99  6:25  Zergling x4, Overlord  
  100  6:26  Zergling x2  
  102  6:34  Mutalisk x5  
  102  6:39  Mutalisk x2  
  116  6:47  Mutalisk  
  116  6:49  Zergling x12  
  116  6:53  Mutalisk  
  126  6:55  Zergling x6, Overlord  
  129  7:03  Baneling x4  
  127  7:20  Mutalisk x3  
  127  7:21  Drone  
  127  7:22  Drone x8  
  140  7:25  Overlord  
  140  7:26  Drone  
  140  7:28  Zerg Ground Armor Level 1  
  141  7:32  Drone x3, Overlord  
  143  7:43  Mutalisk  
  143  7:44  Overlord x3  
  143  7:45  Drone  
  143  7:49  Mutalisk  
  146  7:51  Mutalisk  
  146  7:56  Mutalisk  
  148  7:59  Mutalisk  
  148  8:04  Baneling x2  
  148  8:05  Zergling x2  
  148  8:10  Zergling x22  
  148  8:11  Zergling x2  
  140  8:20  Mutalisk x2  
  140  8:22  Mutalisk  
  140  8:23  Zergling x2  
  131  8:32  Mutalisk  
  131  8:33  Zergling x6  
  133  8:35  Baneling  
  133  8:36  Baneling x3  
  133  8:38  Extractor x2  
  133  8:39  Zergling x2  
  133  8:40  Zergling x4, Hatchery  
  133  8:48  Mutalisk x2  
  131  8:49  Zergling x6  
  136  8:56  Drone, Zergling x4  
  136  8:57  Zergling x2  
  136  9:01  Mutalisk x2  
  144  9:03  Drone x3, Zergling x2, Overlord  
  144  9:04  Zergling x4  
  144  9:05  Zergling x10  
  144  9:09  Zerg Melee Weapons Level 1  
  155  9:10  Zergling x4  
  156  9:20  Mutalisk x2  
  156  9:21  Zergling x4  
  156  9:23  Baneling x4  
  156  9:24  Overlord  
  162  9:28  Drone x3  
  165  9:33  Mutalisk x2  
  165  9:34  Zergling x2  
  165  9:37  Mutalisk  
  165  9:38  Zergling x6  
  170  9:42  Zergling x6  
  172  9:47  Mutalisk  
  170  9:54  Mutalisk x2  
  170  9:55  Zergling x2  
  170  9:57  Zergling x2  
  170  9:58  Zergling x6  
  178  10:00  Baneling x9  
  178  10:04  Mutalisk  
  178  10:05  Zergling x4  
  178  10:06  Overlord x2  
  182  10:12  Zergling x2  
  181  10:18  Mutalisk x2  
  181  10:19  Zergling x6  
  183  10:23  Zergling x12  
  183  10:28  Baneling x8  
  187  10:29  Zergling x10  
  187  10:33  Infestation Pit  
  160  10:46  Mutalisk x3  
  160  10:47  Zergling x18  
  160  10:52  Mutalisk x2  
  160  10:56  Baneling x2  
  160  10:57  Baneling  
  155  10:59  Zergling x2  
  155  11:00  Zergling x4  
  155  11:02  Mutalisk  
  155  11:03  Zergling x16  
  155  11:05  Zergling x4  
  155  11:10  Mutalisk x2  
  158  11:13  Zergling x2  
  158  11:14  Zergling x2  
  158  11:17  Zergling x2  
  158  11:18  Baneling x6  
  153  11:20  Zergling x4  
  154  11:26  Zergling x4  
  154  11:28  Zergling x2  
  154  11:33  Hatchery  
  154  11:34  Baneling x7  
  154  11:35  Zergling x4  
  150  11:41  Zergling x8  
  150  11:44  Hatchery  
  150  11:45  Hatchery  
  143  11:51  Mutalisk x2  
  143  11:52  Zergling x2  
  143  11:54  Zergling x2, Baneling  
  149  11:55  Baneling x3  
  149  11:57  Zergling x4  
  149  11:58  Zergling x4, Overlord  
  153  12:02  Zergling x4  
  153  12:07  Zergling x2  
  154  12:12  Zergling x2  
  154  12:13  Zergling x2  
  154  12:14  Zergling x2  
  154  12:15  Zergling x6  
  160  12:17  Baneling x6  
  160  12:20  Zergling x4  
  160  12:21  Baneling x3  
  162  12:26  Zergling x2  
Show
View Real Time Build Order
Export as new Build Order

Kelazhur Terran - Winner!

Build Orders: Reaper Expand 

Get SALT Encoding   

  12  0:00  SCV  
  13  0:12  SCV  
  14  0:17  Supply Depot  
  14  0:25  SCV  
  15  0:38  Barracks, SCV  
  16  0:43  Refinery  
  16  0:50  SCV  
  17  1:02  SCV  
  18  1:14  SCV  
  19  1:25  Reaper  
  19  1:27  Orbital Command  
  20  1:37  Command Center  
  20  1:47  Supply Depot  
  20  1:52  SCV  
  21  1:57  Marine  
  22  2:02  Factory  
  22  2:05  SCV  
  23  2:15  Marine  
  23  2:17  SCV  
  25  2:29  SCV  
  26  2:33  Barracks Reactor  
  26  2:40  Command Center  
  26  2:47  SCV  
  26  2:50  Orbital Command  
  27  3:00  SCV  
  28  3:12  SCV  
  29  3:17  SCV  
  29  3:19  Hellion x2  
  34  3:22  Barracks Tech Lab  
  34  3:24  SCV, Refinery  
  35  3:27  Supply Depot  
  35  3:29  SCV  
  36  3:36  SCV  
  36  3:40  Hellion x2  
  42  3:41  SCV  
  42  3:42  Marine  
  42  3:43  Stimpack  
  42  3:48  SCV  
  44  3:53  SCV  
  44  3:55  Orbital Command  
  44  4:00  SCV  
  45  4:08  SCV  
  46  4:11  Barracks  
  46  4:12  Barracks, SCV  
  46  4:14  Factory Reactor  
  47  4:18  Engineering Bay  
  47  4:19  Engineering Bay  
  47  4:21  SCV x2  
  47  4:22  Supply Depot  
  49  4:24  SCV  
  50  4:33  SCV x2  
  50  4:36  SCV  
  53  4:39  Starport  
  53  4:40  Refinery  
  53  4:41  Refinery  
  53  4:45  Terran Infantry Armor Level 1, Terran Infantry Weapons Level 1, SCV x2  
  54  4:48  SCV  
  56  4:53  Orbital Command  
  56  4:57  SCV  
  57  5:00  SCV, Marine x2  
  57  5:02  Factory Tech Lab, Marine  
  59  5:08  Supply Depot  
  59  5:09  SCV  
  59  5:11  Marine x2  
  59  5:14  SCV  
  63  5:17  Starport Reactor  
  63  5:18  Marine  
  64  5:22  Barracks x2, SCV x2  
  64  5:24  Siege Tank  
  64  5:26  SCV  
  64  5:28  Supply Depot  
  70  5:29  Combat Shield, Marine x2  
  70  5:31  Marine  
  70  5:34  SCV x2  
  75  5:40  Supply Depot  
  75  5:41  SCV  
  76  5:46  Armory, SCV x2  
  76  5:47  Marine x2  
  80  5:51  Supply Depot  
  80  5:53  SCV  
  81  5:58  SCV  
  81  5:59  Medivac  
  81  6:00  Medivac, Marine x3  
  81  6:02  SCV  
  90  6:06  SCV  
  90  6:08  Supply Depot  
  90  6:09  Barracks Reactor, Siege Tank  
  90  6:10  SCV  
  95  6:15  Barracks Reactor  
  95  6:20  Marauder, Marine x4  
  95  6:24  Supply Depot  
  101  6:28  Barracks  
  101  6:29  Barracks  
  101  6:31  Barracks  
  99  6:38  Marine  
  99  6:39  Marine x3  
  103  6:40  Medivac x2  
  103  6:42  Marauder  
  103  6:46  Supply Depot  
  109  6:47  Terran Infantry Weapons Level 2  
  109  6:48  Supply Depot  
  109  6:49  SCV  
  109  6:50  SCV  
  109  6:53  SCV  
  109  6:54  Refinery  
  112  6:55  Marine  
  112  6:57  Marine  
  112  6:58  Marine  
  115  7:01  SCV  
  115  7:02  SCV  
  115  7:03  Siege Tank  
  115  7:04  Marine  
  115  7:05  SCV  
  122  7:21  Marine x6  
  122  7:22  Marine x6  
  128  7:24  Missile Turret  
  128  7:25  Missile Turret  
  128  7:27  Terran Infantry Armor Level 2  
  128  7:29  Medivac  
  130  7:31  Medivac  
  132  7:39  Marine x2  
  132  7:40  Marine x3  
  132  7:41  Marauder, Marine x2  
  141  7:49  Marine  
  141  7:50  Marine  
  141  7:51  Marine  
  141  7:54  Supply Depot  
  141  7:55  Supply Depot x2  
  141  7:56  Supply Depot, Marine  
  140  8:12  Marine  
  141  8:16  Thor, Medivac x2, Marine x3  
  141  8:21  Marine x5  
  141  8:22  Marine x3  
  128  8:30  Marine  
  128  8:33  Marine x3  
  129  8:39  Marine x3  
  132  8:46  Command Center  
  128  8:49  Marine x6  
  128  8:51  Marine x3  
  130  8:55  Medivac  
  130  8:56  Medivac  
  130  8:57  Marine x3  
  137  9:07  Marine x6  
  137  9:09  Siege Tank, Marine x3  
  149  9:15  Marine x2  
  151  9:19  Marine  
  151  9:21  Terran Infantry Weapons Level 3  
  152  9:24  Terran Vehicle And Ship Armor Level 1  
  152  9:25  Marine x6  
  152  9:27  Supply Depot, Marine  
  152  9:29  Supply Depot  
  158  9:32  Marine  
  158  9:33  Marine x3  
  158  9:37  Marine  
  156  9:42  Marine  
  156  9:43  Medivac x2, Marine x5  
  156  9:45  Marine  
  167  9:50  Marine  
  167  9:51  Marine x3  
  169  9:56  Marine  
  169  9:59  Siege Tank  
  170  10:00  Marine x3  
  170  10:01  Marine x3  
  170  10:02  Planetary Fortress, Marine  
  170  10:03  Missile Turret  
  177  10:08  Marine x2  
  177  10:09  Marine x2  
  177  10:13  Marine  
  180  10:18  Marine x6  
  180  10:20  Medivac x2, Marine  
  186  10:26  Marine x2  
  186  10:28  Marine x2  
  182  10:31  Marine  
  185  10:36  Marine x6  
  185  10:41  Marine  
  188  10:45  Siege Tank, Marine x2  
  188  10:48  Marine x2  
  188  10:49  Marine  
  193  10:50  Medivac x2  
  193  10:54  Marine x3  
  193  10:56  Marine x3  
  199  10:59  Marine  
  199  11:03  Marine x2  
  195  11:06  Marine  
  195  11:08  Marine  
  195  11:09  Marine  
  195  11:11  Marine  
  195  11:12  Marine x2  
  195  11:14  Marine x3  
  195  11:17  Marine  
  195  11:21  Marine  
  193  11:27  Marine x4  
  193  11:29  Marine  
  193  11:30  Marine x2  
  191  11:46  Marine  
  177  11:47  Marine  
  177  11:48  Marine  
  177  11:50  Siege Tank, Marine x7  
  177  11:51  Marine x2  
  186  12:04  Marine  
  186  12:05  Marine  
  186  12:06  Marine  
  186  12:08  Marine x9  
  192  12:22  Marine  
  200  12:25  Factory  
  200  12:28  Starport  
Tags
 
Add a new tag
Caveats
  • Supply blocks, unpowered buildings, or Contaminate may cause inaccurate times.
  • Supply counts are checked every 10 seconds.